 Dungeon Crawl Stone Soup version 0.28-a0-447-g1f95980246 (webtiles) character file.

Game seed: 5974653068353624725

546 sleeves the Sneak (level 7, 0/41 HPs)
             Began as an Octopode Hedge Wizard on Sept 12, 2021.
             Slain by a bullfrog (3 damage)
             ... in a sewer.
             The game lasted 00:08:11 (4280 turns).

sleeves the Sneak (Octopode Hedge Wizard)           Turns: 4280, Time: 00:08:12

Health: 0/41       AC:  1    Str:  9    XL:     7   Next: 28%
Magic:  2/11       EV: 13    Int: 19    God:
Gold:   72         SH:  0    Dex: 11    Spells: 6/12 levels left

rFire   + . .      SeeInvis .   i - +2 dagger (elec)
rCold   . . .      Faith    +   (no shield)
rNeg    . . .      Spirit   .   b - +0 hat
rPois   .          Reflect  .   g - amulet of faith
rElec   .          Harm     .   f - ring of protection from fire
rCorr   .          Rampage  .   (no ring)
Will    .....                   (no ring)
Stlth   ++++......              (no ring)
HPRegen 0.13/turn               (no ring)
MPRegen 0.12/turn               (no ring)
                                (no ring)
                                (no ring)

@: mighty, brilliant
A: almost no armour, amphibious, 8 rings, camouflage 1, gelatinous body 1,
(nimble swimmer 1), tentacles
a: no special abilities


You were in a sewer.
You visited 2 branches of the dungeon, and saw 5 of its levels.
You also visited: Sewer.

You collected 72 gold pieces.

Inventory:

Hand Weapons
 i - a +2 dagger of electrocution (weapon)
   (You took it off a kobold on level 2 of the Dungeon)
 n - a +0 dagger of venom
   (You took it off a goblin on level 3 of the Dungeon)
Armour
 b - a +0 hat (worn)
Jewellery
 f - a ring of protection from fire (left tentacle)
   (You found it on level 2 of the Dungeon)
 g - an amulet of faith (around mantle)
   (You found it on level 2 of the Dungeon)
Scrolls
 h - 4 scrolls of fog {unknown}
 k - a scroll of teleportation {unknown}
 q - a scroll of identify {unknown}
 r - a scroll of fear {unknown}
 s - a scroll of magic mapping {unknown}
 t - a scroll of enchant weapon {unknown}
Potions
 a - a potion of cancellation {unknown}
 c - 2 potions of might
 d - a potion of curing
 e - a potion of magic {unknown}
 j - 2 potions of flight {unknown}
 l - a potion of attraction {unknown}
 m - a potion of ambrosia {unknown}
 o - 2 potions of brilliance
 p - a potion of lignification {unknown}


   Skills:
 - Level 2.0 Dodging
 + Level 7.4 Stealth
 - Level 3.0 Spellcasting
 + Level 5.7 Conjurations
 - Level 1.0 Summonings
 - Level 1.0 Translocations


You had 6 spell levels left.
You knew the following spells:

 Your Spells              Type           Power      Damage    Failure   Level
a - Magic Dart            Conj           100%       1d8       1%          1
b - Mephitic Cloud        Conj/Pois/Air  15%        N/A       22%         3
c - Blink                 Tloc           N/A        N/A       16%         2

Your spell library contained the following spells:

 Spells                   Type           Power      Damage    Failure   Level
 Conjure Flame            Conj/Fire      20%        6-21      14%         3
 Call Imp                 Summ           10%        N/A       16%         2
 Corpse Rot               Necr/Air       N/A        N/A       22%         2
 Poisonous Vapours        Pois/Air       8%         N/A       22%         2
 Slow                     Hex            4%         N/A       22%         2
 Ozocubu's Armour         Ice            4%         N/A       41%         3
 Ozocubu's Refrigeration  Ice            2%         4d5       100%        7


Dungeon Overview and Level Annotations

Branches:
Dungeon (4/15)             Temple (1/1) D:4           Sewer (1/1)

Altars:
Ashenzari
Cheibriados
Dithmenos
Elyvilon
Fedhas
Gozag
Kikubaaqudgha
Makhleb
Nemelex Xobeh
Okawaru
Qazlal
Ru
Sif Muna
Uskayaw
Wu Jian
Yredelemnul
Zin

Shops:
D:1 *


Innate Abilities, Weirdness & Mutations

You cannot wear most types of armour.
You are amphibious.
You can wear up to eight rings at the same time.
Your skin changes colour to match your surroundings (Stealth+).
Your rubbery body absorbs attacks. (AC +1, EV +1)
((You are camouflaged near water. (Stealth+)))
You have tentacles for arms and can constrict up to eight enemies at once.


Message History

The adder is heavily wounded.
The adder hisses angrily.
The magic dart hits the adder.
The adder is almost dead.
The magic dart hits the adder.
You kill the adder!
You can't see any susceptible monsters within range! (Use Z to cast anyway.)
A quokka comes into view.
A quokka is nearby!
A quokka is nearby!
The magic dart hits the quokka.
The quokka is severely wounded.
You miscast Magic Dart.
You are very lightly contaminated with residual magic.
Nothing appears to happen.
You closely miss the quokka. Your grab misses the quokka.
The quokka is severely wounded.
The quokka closely misses you. The quokka bites you.
You barely miss the quokka. You grab the quokka.
The quokka is severely wounded.
You constrict the quokka. The quokka misses you.
You hit the quokka. Lightning courses through the quokka!
You kill the quokka!
You start resting.
Your magical contamination has completely faded away.
You start resting.
Magic restored.
HP restored.
Found a stone staircase leading down.
You see here an adder corpse.
You now have 20 gold pieces (gained 2).
An adder comes into view.
An adder is nearby!
An adder is nearby!
The magic dart hits the adder but does no damage.
The adder hisses angrily.
You can't see any susceptible monsters within range! (Use Z to cast anyway.)
You can't see any susceptible monsters within range! (Use Z to cast anyway.)
You can't see any susceptible monsters within range! (Use Z to cast anyway.)
An adder is nearby!
The magic dart hits the adder.
The adder is moderately wounded.
The magic dart hits the adder.
The adder is moderately wounded.
The magic dart hits the adder.
The adder is severely wounded.
The magic dart hits the adder.
The adder is almost dead.
The adder completely misses you. The adder bites you.
The magic dart hits the adder.
You kill the adder!
Your Stealth skill increases to level 4!
You see here an adder corpse.
A goblin comes into view. It is wielding a +0 dagger.
Found a stone staircase leading down.
A goblin is nearby!
A goblin is nearby!
The magic dart hits the goblin.
You kill the goblin!
You can't see any susceptible monsters within range! (Use Z to cast anyway.)
You can't see any susceptible monsters within range! (Use Z to cast anyway.)
You now have 38 gold pieces (gained 18).
A hobgoblin comes into view.
A hobgoblin is nearby!
A hobgoblin is nearby!
The magic dart hits the hobgoblin.
The hobgoblin is almost dead.
The magic dart hits the hobgoblin but does no damage.
The hobgoblin is almost dead.
A hobgoblin is nearby!
The magic dart hits the hobgoblin.
You kill the hobgoblin!
k - a scroll labelled JUHIBBU WEOQY An endoplasm comes into view.
An endoplasm is nearby!
The magic dart hits the endoplasm.
The endoplasm is severely wounded.
The magic dart hits the endoplasm.
The endoplasm is almost dead.
The magic dart hits the endoplasm.
You kill the endoplasm!
There is a stone staircase leading down here.
Things that are here:
a +0 dagger; a goblin corpse A bat and an endoplasm come into view.
The bat closely misses you.
There are monsters nearby!
There are monsters nearby!
You hit the bat.
You kill the bat!
The magic dart hits the endoplasm.
The endoplasm is lightly wounded.
The endoplasm quivers.
The magic dart hits the endoplasm.
The endoplasm is heavily wounded.
The magic dart hits the endoplasm.
You kill the endoplasm!
You can't see any susceptible monsters within range! (Use Z to cast anyway.)
Found a stone staircase leading down.
A giant cockroach comes into view.
A giant cockroach is nearby!
There is a stone staircase leading down here.
You barely miss the giant cockroach. Your grab misses the giant cockroach.
The giant cockroach waves its antennae.
The giant cockroach completely misses you.
You barely miss the giant cockroach. Your grab misses the giant cockroach.
The giant cockroach closely misses you.
A giant cockroach is nearby!
You hit the giant cockroach. Your grab misses the giant cockroach.
The giant cockroach is moderately wounded.
The giant cockroach closely misses you.
The giant cockroach bites you but does no damage.
You closely miss the giant cockroach. Your grab misses the giant cockroach.
The giant cockroach is moderately wounded.
The giant cockroach closely misses you.
You hit the giant cockroach but do no damage.
Lightning courses through the giant cockroach!
You kill the giant cockroach!
No target in view!
You see here a giant cockroach corpse.
Found a short sword.
You see here a +0 short sword.
You open the door.
Found a faded altar of an unknown god.
There is an open door here.
Found 18 stones.
You open the door.
There is an open door here.
There is an open door here.
You see here a giant cockroach corpse.
There is a stone staircase leading down here.
Key pressed, stopping explore.
l - a golden potion
Found an escape hatch in the floor.
Found an escape hatch in the ceiling.
A ball python comes into view.
A scorpion comes into view.
A kobold comes into view. It is wielding a +0 club.
You closely miss the scorpion. Your grab misses the scorpion.
You squeeze the scorpion.
The scorpion is lightly wounded.
The scorpion misses you.
You completely miss the scorpion. Your grab misses the scorpion.
The scorpion is lightly wounded.
The scorpion misses you. The scorpion stings you.
You hit the scorpion. You grab the scorpion.
You squeeze the scorpion, but do no damage.
The scorpion is moderately wounded.
You constrict the scorpion, but do no damage.
The kobold shouts!
The ball python hisses angrily.
The scorpion barely misses you.
You hit the scorpion but do no damage.
The scorpion is moderately wounded.
You constrict the scorpion, but do no damage.
The scorpion stings you.
You hit the scorpion but do no damage. Lightning courses through the scorpion!
The scorpion is severely wounded.
You constrict the scorpion, but do no damage.
The scorpion stings you but does no damage.
You hit the scorpion.
The scorpion is severely wounded.
You constrict the scorpion. The scorpion barely misses you.
The ball python closely misses you. The ball python barely misses you.
You hit the scorpion but do no damage.
You squeeze the scorpion, but do no damage.
The scorpion is severely wounded.
You constrict the scorpion. The scorpion stings you.
The ball python barely misses you. x2; The scorpion stings you.
You hit the scorpion but do no damage.
The scorpion is almost dead.
You constrict the scorpion. The ball python bites you.
The ball python grabs you. The ball python constricts you.
The scorpion stings you!
* * * LOW HITPOINT WARNING * * *
You hit the scorpion but do no damage. Lightning courses through the scorpion!
You kill the scorpion!
The ball python closely misses you. The ball python constricts you.
* * * LOW HITPOINT WARNING * * *
The ball python closely misses you. The ball python constricts you.
* * * LOW HITPOINT WARNING * * *
Your Conjurations skill increases to level 4!
You have reached level 5!
You feel clever.
You barely miss the ball python. Your grab misses the ball python.
The kobold barely misses you. The ball python barely misses you.
The ball python constricts you.
* * * LOW HITPOINT WARNING * * *
You hit the ball python.
Lightning courses through the ball python!
You kill the ball python!
The kobold hits you with a +0 club.
* * * LOW HITPOINT WARNING * * *
You hit the kobold but do no damage. You grab the kobold.
You constrict the kobold. The kobold hits you with a +0 club.
* * * LOW HITPOINT WARNING * * *
You hit the kobold but do no damage. Lightning courses through the kobold!
You kill the kobold!
There is an escape hatch in the ceiling here.
You start resting.
You start resting.
HP restored.
You pick up a book of Vapours and begin reading...
You add the spells Poisonous Vapours and Corpse Rot to your library.
Found a club.
You see here a +0 club.
You open the door.
There is an open door here.
You open the door.
There is an open door here.
You see here 18 stones.
You see here 18 stones.
There is an open door here.
There is an open door here.
Key pressed, stopping explore.
There is an escape hatch in the ceiling here.
A frilled lizard and a bat come into view.
The helpless bat fails to defend itself.
You puncture the bat!
You kill the bat!
The helpless frilled lizard fails to defend itself.
You puncture the frilled lizard!
You kill the frilled lizard!
No target in view!
You see here a frilled lizard corpse.
A ball python comes into view.
Found a stone staircase leading up.
The ball python hisses angrily.
A ball python is nearby!
A ball python is nearby!
A ball python is nearby!
You hit the ball python.
Lightning courses through the ball python!!
You kill the ball python!
No target in view!
You now have 47 gold pieces (gained 9).
An adder comes into view.
An adder is nearby!
An adder is nearby!
The helpless adder fails to defend itself.
You puncture the adder! Lightning courses through the adder!
You kill the adder!
Your Stealth skill increases to level 5!
Found a stone staircase leading up.
A bat comes into view.
The bat barely misses you. The bat closely misses you.
A bat is nearby!
You completely miss the bat. Your grab misses the bat.
The bat closely misses you. The bat hits you but does no damage.
You miss the bat. Your grab misses the bat. You squeeze the bat.
You kill the bat!
No target in view!
m - a puce potion You see here a bat corpse.
You open the door.
A goblin, an orc and Sigmund come into view.
The goblin is wielding a +0 dagger of venom.
Sigmund shouts!
The goblin shouts!
The orc shouts!
Found 13 gold pieces.
There are monsters nearby!
Sigmund hits you from afar with a +0 scythe.
There is an open door here.
You see here a ball python corpse.
There is a stone staircase leading up here.
The magic dart hits the orc.
The orc is almost dead.
The magic dart hits the goblin.
You kill the goblin!
Sigmund casts a spell.
Sigmund flickers and vanishes!
Deactivating autopickup; reactivate with Ctrl-A.
The magic dart hits the orc.
You kill the orc!
You are confused.
Something tries to affect you, but you resist.
You climb upwards.
Reactivating autopickup.
There is a stone staircase leading down here.
You start resting.
You feel less confused.
You start resting.
Magic restored.
Unknown command.
There is a stone staircase leading down here.
Unknown command.
You climb downwards.
Level annotation: Sigmund
There is a stone staircase leading up here.
Sigmund is nearby!
A bat comes into view.
A bat comes into view.
The bat moves out of view.
The bat closely misses you.
You see here a ball python corpse.
The bat closely misses you. The bat hits you.
Things that are here:
a +0 dagger of venom; a goblin corpse
n - a +0 dagger of venom The bat misses you.
You barely miss the bat. Your grab misses the bat.
The bat hits you but does no damage. The bat closely misses you.
You hit the bat but do no damage. You grab the bat. You squeeze the bat.
You kill the bat!
There is a stone staircase leading up here.
You start resting.
HP restored.
A bat is nearby!
A bat is nearby!
No target in view!
No target in view!
There is an open door here.
No target in view!
No target in view!
A ball python comes into view.
Found 23 sling bullets.
A ball python is nearby!
A ball python is nearby!
A ball python is nearby!
A frilled lizard comes into view.
Found a coppery potion.
The frilled lizard hisses angrily.
The ball python hisses angrily.
The ball python closely misses you. x4
You see here a coppery potion.
You hit the ball python but do no damage.
You grab the ball python. You constrict the ball python.
The ball python bites you. The ball python closely misses you.
You hit the ball python.
You kill the ball python!
You hit the bat. Lightning courses through the bat!!
You kill the bat!
The frilled lizard closely misses you.
You barely miss the frilled lizard. You grab the frilled lizard.
You constrict the frilled lizard. The frilled lizard bites you.
You hit the frilled lizard.
You kill the frilled lizard!
No target in view!
No target in view!
d - 2 coppery potions (gained 1)
You see here a bat corpse.
You now have 60 gold pieces (gained 13).
Sigmund is nearby!
Sigmund is nearby!
You close the door.
You start waiting.
Sigmund the Dreaded opens the door.
He is wielding a +0 scythe.
Unknown command.
Unknown command.
Sigmund shouts!
Sigmund hits you with a +0 scythe.
There is an open door here.
Casting: Magic Dart (safe; 3% risk of failure)
Confirm with . or Enter, or press ? or * to list all spells.
You blink.
Sigmund casts a spell at you. The magic dart hits you.
You see here a bat skeleton.
Sigmund gestures at you while chanting. You resist with some effort.
Unknown command.
Casting: Blink (safe; 16% risk of failure)
Confirm with . or Enter, or press ? or * to list all spells.
You can't see any susceptible monsters within range! (Use Z to cast anyway.) Sigmund is nearby!
Unknown command.
Unknown command.
You start resting.
Sigmund is nearby!
Casting: Blink (safe; 16% risk of failure)
Confirm with . or Enter, or press ? or * to list all spells.
The spell is quite dangerous to cast (28% risk of failure)!
Continue anyway?
Aiming: Mephitic Cloud (quite dangerous; 28% risk of failure)
Press: ? - help, Shift-Dir - straight line, f - Sigmund
Aim: Sigmund, wielding a +0 scythe and wearing a +0 robe (chance to affect: 86%)
The ball explodes into a vile cloud!
The stinking cloud engulfs Sigmund but does no damage.
Sigmund is engulfed in noxious fumes.
Sigmund appears confused.
Sigmund is engulfed in noxious fumes.
You catch the helpless Sigmund completely off-guard!
You puncture Sigmund! You grab Sigmund.
Sigmund is moderately wounded.
You constrict Sigmund. Sigmund closely misses you.
You hit Sigmund.
Sigmund is heavily wounded.
You constrict Sigmund, but do no damage.
Sigmund barely misses you.
You barely miss Sigmund.
Sigmund is heavily wounded.
You constrict Sigmund. You hit Sigmund. Lightning courses through Sigmund!
Sigmund is almost dead.
You constrict Sigmund.
You kill Sigmund!
Your Stealth skill increases to level 6!
Your Conjurations skill increases to level 5!
You have reached level 6!
Your experience leads to an increase in your attributes!
Increase (S)trength, (I)ntelligence, or (D)exterity?
You feel clever.
Unknown command.
j - 2 brown potions (gained 1)
Things that are here:
a +0 scythe; a +0 robe Magic restored.
HP restored.
You open the door.
A bat comes into view.
Found a basalt altar of Yredelemnul and an opulent altar of Gozag.
A bat is nearby!
A bat is nearby!
There is an open door here.
There is a fountain of clear blue water here.
The bat closely misses you. The bat hits you.
You barely miss the bat. Your grab misses the bat. Your squeeze misses the bat.
The bat misses you.
You hit the bat. Lightning courses through the bat!
You kill the bat!
No target in view!
There is an opulent altar of Gozag here.
There is an open door here.
There is an open door here.
Done exploring.
Done exploring.
Done exploring.
Done exploring.
(D) Dungeon
Where to? (Enter - D:2 @ (x,y), ? - help)
There is an open door here.
There is a stone staircase leading down here.
You climb downwards.
You hear the sound of rushing water.
There is an entrance to a sewer on this level.
Hurry and find it before the portal rusts away!
Found 21 bolts.
There is a stone staircase leading up here.
Unknown command.
A water moccasin skeleton comes into view.
Found a mace.
Found a staircase to the Ecumenical Temple.
The helpless endoplasm fails to defend itself.
You puncture the endoplasm!
You kill the endoplasm!
The water moccasin skeleton closely misses you.
You barely miss the water moccasin skeleton.
You grab the water moccasin skeleton.
You constrict the water moccasin skeleton.
The water moccasin skeleton bites you but does no damage.
You hit the water moccasin skeleton.
The water moccasin skeleton is lightly damaged.
You constrict the water moccasin skeleton.
The water moccasin skeleton closely misses you.
You hit the water moccasin skeleton but do no damage.
The water moccasin skeleton is lightly damaged.
You constrict the water moccasin skeleton.
The water moccasin skeleton bites you.
You hit the water moccasin skeleton.
The water moccasin skeleton is moderately damaged.
You constrict the water moccasin skeleton.
The water moccasin skeleton barely misses you.
You hit the water moccasin skeleton.
Lightning courses through the water moccasin skeleton!
You destroy the water moccasin skeleton!
No target in view!
No target in view!
There is a staircase to the Ecumenical Temple here.
You climb downwards.
Welcome to the Ecumenical Temple!
Found a sacrificial altar of Ru.
There is a staircase back to the Dungeon here.
HP restored.
Found a burning altar of Makhleb and a broken altar of Ashenzari.
Found a shadowy altar of Dithmenos.
Found an ancient bone altar of Kikubaaqudgha.
Found two altars.
Found a shimmering blue altar of Sif Muna.
Found an iron altar of Okawaru.
There is a shimmering blue altar of Sif Muna here.
Found an ornate altar of the Wu Jian Council.
There is an iron altar of Okawaru here.
Found a white marble altar of Elyvilon.
Found a hide-covered altar of Uskayaw.
Found a blossoming altar of Fedhas.
Found a glowing silver altar of Zin.
Found a stormy altar of Qazlal.
Done exploring.
Done exploring.
Done exploring.
Done exploring.
Done exploring.
Done exploring.
Done exploring.
Done exploring.
Done exploring.
Done exploring.
Done exploring.
(D) Dungeon (T) Temple
Where to? (Enter - D:4, ? - help)
There is a glowing silver altar of Zin here.
There is a staircase back to the Dungeon here.
You climb upwards.
Welcome back to the Dungeon!
You hear the sound of rushing water.
There is an entrance to a sewer on this level.
Hurry and find it before the portal rusts away!
You hear the slow rusting of a very distant drain.
There is a staircase to the Ecumenical Temple here.
Unknown command.
Found a stone staircase leading down.
o - a grey potion You now have 67 gold pieces (gained 7).
An endoplasm comes into view.
Found a stone staircase leading up.
You barely miss the endoplasm.
The endoplasm quivers.
The endoplasm barely misses you.
You hit the endoplasm.
Lightning courses through the endoplasm!!
You kill the endoplasm!
No target in view!
You hear the slow rusting of a very distant drain.
A scorpion comes into view.
Found a scroll labelled PETUOSHREUCH.
A scorpion is nearby!
You open the door.
Found a blue potion and Ozocubu's Autobiography.
p - a blue potion You pick up Ozocubu's Autobiography and begin reading...
You add the spells Ozocubu's Armour and Ozocubu's Refrigeration to your library.
An endoplasm and a skeleton come into view.
Found a scroll labelled JUHIBBU WEOQY and a bubbling cyan potion.
Found 5 gold pieces.
Found a stone staircase leading down.
An iguana comes into view.
The bullfrog skeleton hits you.
The endoplasm quivers.
You hit the bullfrog skeleton. You grab the bullfrog skeleton.
The bullfrog skeleton is lightly damaged.
You constrict the bullfrog skeleton.
The bullfrog skeleton closely misses you. x2
You hit the bullfrog skeleton.
Lightning courses through the bullfrog skeleton!
You squeeze the bullfrog skeleton.
You destroy the bullfrog skeleton!
The endoplasm hits you.
You hit the endoplasm.
Lightning courses through the endoplasm!
You kill the endoplasm!
A hobgoblin comes into view.
You hear the slow rusting of a drain very nearby.
The iguana hisses angrily.
The hobgoblin shouts!
Your +2 dagger of electrocution stops crackling.
Your +0 dagger of venom begins to drip with poison!
n - a +0 dagger of venom (weapon)
The iguana barely misses you.
You hit the iguana.
The iguana is poisoned.
Your grab misses the iguana.
The iguana is lightly wounded.
The iguana barely misses you.
You closely miss the iguana. You grab the iguana.
The iguana is lightly wounded.
You constrict the iguana. The iguana bites you!
You release your grip on the iguana.
You closely miss the iguana. You grab the iguana.
The iguana is severely wounded.
You constrict the iguana, but do no damage.
You release your grip on the iguana.
The iguana bites you!
* * * LOW HITPOINT WARNING * * *
You are too injured to fight recklessly!
You hit the iguana but do no damage.
The iguana looks even sicker.
You grab the iguana. You squeeze the iguana.
You kill the iguana!
Your Stealth skill increases to level 7!
You have reached level 7!
Your +0 dagger of venom stops dripping with poison.
You hear the crackle of electricity.
i - a +2 dagger of electrocution (weapon)
Drop what? 16/52 slots (_ for help) (? for menu, Esc to quit)
Okay, then.
You closely miss the hobgoblin. You grab the hobgoblin.
You constrict the hobgoblin, but do no damage.
The hobgoblin barely misses you.
You barely miss the hobgoblin. You constrict the hobgoblin.
The hobgoblin closely misses you.
You hit the hobgoblin. You squeeze the hobgoblin.
You kill the hobgoblin!
Drop what? 16/52 slots (_ for help) (? for menu, Esc to quit)
You drop a +0 dagger.
Unknown command.
A gnoll comes into view. It is wielding a +0 flail.
A gnoll is nearby!
You hear the rusting of a very distant drain.
a - a bubbling cyan potion You now have 72 gold pieces (gained 5).
A quokka comes into view.
You hear the rusting of a drain.
The helpless quokka fails to defend itself.
You puncture the quokka!
You kill the quokka!
No target in view!
No target in view!
An adder comes into view.
A giant cockroach comes into view.
The helpless adder fails to defend itself.
You puncture the adder! Lightning courses through the adder!
You kill the adder!
The helpless giant cockroach fails to defend itself.
You puncture the giant cockroach!
You kill the giant cockroach!
An adder, a worm and a giant cockroach come into view.
Found a glowing drain.
The adder hisses angrily.
The giant cockroach splashes around in the water.
A river rat comes into view.
The giant cockroach splashes around in the water.
The adder moves out of view.
You hit the giant cockroach. You grab the giant cockroach.
The giant cockroach is heavily wounded.
You constrict the giant cockroach. The giant cockroach bites you.
You hit the giant cockroach.
You kill the giant cockroach!
The adder bites you.
You hit the adder. Lightning courses through the adder!
You kill the adder!
You hit the river rat. Your grab misses the river rat.
You squeeze the river rat.
The river rat is heavily wounded.
The river rat bites you.
You are too injured to fight recklessly!
You are too injured to fight recklessly!
You closely miss the river rat. Your grab misses the river rat.
The river rat is heavily wounded.
The river rat misses you.
You closely miss the river rat. Your grab misses the river rat.
The river rat is heavily wounded.
The river rat closely misses you.
You closely miss the river rat. Your grab misses the river rat.
The river rat is heavily wounded.
The river rat barely misses you.
You hit the river rat. You grab the river rat.
The river rat is almost dead.
You constrict the river rat. The river rat bites you.
You barely miss the river rat.
The river rat is almost dead.
You constrict the river rat.
You kill the river rat!
You hit the worm. You grab the worm.
The worm is lightly wounded.
You constrict the worm. You hit the worm. Lightning courses through the worm!
You kill the worm!
Things that are here:
a worm corpse; an adder corpse
There is a glowing drain here.
You start resting.
You hear the brisk rusting of a drain.
You start resting.
You hear the brisk rusting of a drain.
You start resting.
You hear the brisk rusting of a drain.
The world spins around you as you enter the gateway.
You enter a sewer!
Found a gate leading back out of this place.
There is an empty arch of ancient stone here.
HP restored. 2 rats and a river rat come into view.
There are monsters nearby!
There are monsters nearby! 3 rats come into view.
You hit the rat.
You kill the rat!
You hit the river rat but do no damage. Your grab misses the river rat.
You hit the river rat but do no damage.
Lightning courses through the river rat!!
You kill the river rat! 2 ball pythons come into view.
You see here a rat corpse.
The helpless rat fails to defend itself.
You impale the rat!! Lightning courses through the rat!
You kill the rat!
The helpless rat fails to defend itself.
You impale the rat!!
You kill the rat!
The helpless rat fails to defend itself.
You impale the rat!! Lightning courses through the rat!
You kill the rat!
You hit the rat. Lightning courses through the rat!
You kill the rat!
The helpless ball python fails to defend itself.
You impale the ball python!!
Lightning courses through the ball python!
You kill the ball python!
The helpless ball python fails to defend itself.
You impale the ball python!!
You kill the ball python!
A ball python comes into view.
The ball python hisses angrily.
A ball python comes into view.
The rat twitches its whiskers.
There are monsters nearby!
There are monsters nearby!
You hit the rat.
You kill the rat!
A ball python comes into view.
The ball python hisses angrily.
You hit the rat.
You kill the rat!
An adder comes into view.
You hit the rat. You grab the rat.
The rat is heavily wounded.
You constrict the rat.
You kill the rat!
You barely miss the rat. Your grab misses the rat. You hit the rat.
Lightning courses through the rat!
You kill the rat!
You hit the rat. Lightning courses through the rat!
You kill the rat!
The ball python misses you. The ball python barely misses you.
The ball python misses you. The ball python closely misses you.
You hit the ball python.
Lightning courses through the ball python!
You kill the ball python!
The ball python completely misses you. The ball python closely misses you.
You closely miss the rat. You grab the rat. Your squeeze misses the rat.
You constrict the rat.
You kill the rat!
You hit the adder. Lightning courses through the adder!
You kill the adder!
The ball python barely misses you. The ball python closely misses you.
You hit the ball python.
You kill the ball python!
The ball python closely misses you. The ball python grabs you.
The ball python constricts you. The ball python closely misses you.
The ball python constricts you.
You hit the ball python but do no damage.
Your grab misses the ball python. Your squeeze misses the ball python.
The ball python barely misses you. The ball python constricts you.
You hit the ball python.
You kill the ball python!
The rat bites you.
You hit the rat.
You kill the rat!
You barely miss the rat. Your grab misses the rat.
You hit the rat but do no damage. You grab the rat. You constrict the rat.
The rat closely misses you.
You hit the rat but do no damage.
The rat is moderately wounded.
You constrict the rat.
You kill the rat!
You see here a rat corpse.
The helpless rat fails to defend itself.
You impale the rat!! Lightning courses through the rat!
You kill the rat!
No target in view!
Items here: ††††.
You open the door.
There is an open door here.
o - 2 grey potions (gained 1)
c - 2 fizzy clear potions (gained 1)
o - 3 grey potions (gained 1)
c - 3 fizzy clear potions (gained 1)
There is an open door here.
Found a runed rapier.
q - a scroll labelled NADUFU FIXANN 3 rats come into view.
You see here a +2 rapier of holy wrath. 3 rats come into view. 3 rats come into view.
You closely miss the rat. You grab the rat. You squeeze the rat.
You kill the rat! 3 rats come into view.
You hit the rat. Lightning courses through the rat!
You kill the rat!
A ball python comes into view.
The rat barely misses you.
The rat splashes around in the water.
You closely miss the rat. You grab the rat. You constrict the rat.
The rat bites you but does no damage. The rat bites you.
You hit the rat. Lightning courses through the rat!
You kill the rat!
The rat bites you but does no damage.
You barely miss the rat. Your grab misses the rat. The rat bites you.
You hit the rat. Lightning courses through the rat!
You kill the rat!
A ball python comes into view.
The rat misses you.
You barely miss the rat. You grab the rat. You constrict the rat.
The rat bites you. The rat bites you but does no damage.
You hit the rat. Lightning courses through the rat!
You kill the rat!
The rat completely misses you.
You barely miss the rat. Your grab misses the rat.
The ball python hisses angrily. x2
An adder comes into view.
The rat bites you.
The adder hisses angrily.
You hit the rat.
You kill the rat!
You hear an angry hiss.
The rat closely misses you.
You hit the rat.
You kill the rat!
You hit the rat. Lightning courses through the rat!!
You kill the rat!
You barely miss the ball python. You grab the ball python.
You constrict the ball python.
The ball python struggles to escape constriction.
You barely miss the ball python. You squeeze the ball python.
You kill the ball python!
The rat bites you. The rat closely misses you.
You hit the rat.
You kill the rat!
The adder barely misses you. The rat closely misses you.
You hit the adder. You grab the adder.
The adder is lightly wounded.
You constrict the adder.
An endoplasm comes into view.
The adder barely misses you. The rat closely misses you. The rat misses you.
You hit the adder. You squeeze the adder.
You kill the adder!
The ball python closely misses you. x2; The rat closely misses you.
The rat bites you.
You hit the ball python but do no damage.
You grab the ball python. You constrict the ball python.
The ball python misses you. The ball python closely misses you.
The rat closely misses you. The rat bites you.
You hit the ball python.
You kill the ball python!
The rat barely misses you. x2
You hit the rat but do no damage. You grab the rat. You constrict the rat.
The rat bites you. x2; The rat closely misses you.
You are too injured to fight recklessly!
You are too injured to fight recklessly!
You are too injured to fight recklessly!
You are too injured to fight recklessly!
You hit the rat.
You kill the rat!
The rat misses you. The rat bites you.
You barely miss the rat. You grab the rat. You constrict the rat.
A ball python comes into view.
The rat closely misses you. The rat misses you.
You hit the rat but do no damage. Lightning courses through the rat!
You kill the rat!
The rat barely misses you.
You barely miss the rat. You grab the rat. You constrict the rat.
The rat closely misses you.
You hit the endoplasm.
Lightning courses through the endoplasm!
You kill the endoplasm!
You constrict the rat.
You kill the rat!
The ball python closely misses you. The ball python grabs you.
The ball python constricts you.
Things that are here:
a rat corpse; a ball python corpse; a rat corpse You hit the ball python.
You grab the ball python.
The ball python is heavily wounded.
You constrict the ball python.
You kill the ball python!
You start resting.
HP restored.
You see here a rat corpse.
Things that are here:
a rat corpse; a ball python corpse
Things that are here:
a rat corpse; a rat corpse; a rat corpse You open the door.
There is an open door here.
r - a scroll labelled JEOTHI APOOCA
h - 4 scrolls labelled FEREFRI WARU (gained 3)
s - a scroll labelled OSTRUN BOELA
t - a scroll labelled FIKEIZ LEDGHEN
There is an open door here.
A ball python and 2 adders come into view.
The ball python hisses angrily.
There are monsters nearby! 2 frilled lizards and 2 ball pythons come into view.
A bullfrog comes into view.
The ball python moves out of view.
A ball python comes into view.
A bullfrog comes into view.
The ball python barely misses you. x2
You barely miss the ball python.
The bullfrog croaks.
The adder hisses angrily.
The ball python hisses angrily.
You grab the ball python. You constrict the ball python.
The ball python hisses angrily.
The ball python misses you. The ball python barely misses you.
You hit the ball python.
You kill the ball python!
The adder closely misses you. The bullfrog hits you.
The adder barely misses you.
The ball python hisses angrily.
You hit the bullfrog. You grab the bullfrog.
The bullfrog is lightly wounded.
You constrict the bullfrog. The bullfrog barely misses you.
The frilled lizard closely misses you. The adder closely misses you.
You release your grip on the bullfrog.
The bullfrog hits you. The bullfrog barely misses you.
Unknown command.
Casting: Mephitic Cloud (quite dangerous; 22% risk of failure)
Confirm with . or Enter, or press ? or * to list all spells.
The spell is quite dangerous to cast (22% risk of failure)!
Continue anyway?
Okay, then.
Casting: Mephitic Cloud (quite dangerous; 22% risk of failure)
Confirm with . or Enter, or press ? or * to list all spells.
You blink.
Floosh!
Casting: Blink (safe; 16% risk of failure)
Confirm with . or Enter, or press ? or * to list all spells.
The spell is quite dangerous to cast (22% risk of failure)!
Continue anyway?
Aiming: Mephitic Cloud (quite dangerous; 22% risk of failure)
Press: ? - help, Shift-Dir - straight line, f - adder
Aim: an adder (chance to affect: 91%)
The ball explodes into a vile cloud!
The stinking cloud engulfs the adder but does no damage.
The stinking cloud engulfs the frilled lizard but does no damage.
The stinking cloud engulfs the bullfrog but does no damage.
The bullfrog is moderately wounded.
The stinking cloud engulfs the bullfrog but does no damage.
The bullfrog hits you!
The bullfrog is engulfed in noxious fumes.
The adder is engulfed in noxious fumes.
The adder appears confused.
The adder closely misses the bullfrog.
The adder bites itself.
The frilled lizard is engulfed in noxious fumes.
The bullfrog barely misses you. x2
Casting: Mephitic Cloud (quite dangerous; 22% risk of failure)
Confirm with . or Enter, or press ? or * to list all spells.
The spell is quite dangerous to cast (22% risk of failure)!
Continue anyway?
Aiming: Mephitic Cloud (quite dangerous; 22% risk of failure)
Press: ? - help, Shift-Dir - straight line, f/p - adder
Aim: an adder (noxious fumes, heavily wounded, confused, chance to affect: 91%)
The ball explodes into a vile cloud!
The stinking cloud engulfs the adder but does no damage.
The adder is heavily wounded.
The stinking cloud engulfs the ball python but does no damage.
The stinking cloud engulfs the adder but does no damage.
The stinking cloud engulfs the frilled lizard but does no damage. x2
The frilled lizard is heavily wounded.
The stinking cloud engulfs the bullfrog but does no damage.
The adder is engulfed in noxious fumes.
The adder appears confused.
The bullfrog hits you. The bullfrog closely misses you.
The frilled lizard is engulfed in noxious fumes.
The frilled lizard appears confused.
You kill the frilled lizard!
The adder is engulfed in noxious fumes.
The adder appears confused.
The bullfrog hits you.
* * * LOW HITPOINT WARNING * * *
The adder is engulfed in noxious fumes.
The adder appears confused.
The bullfrog barely misses you.
The adder is engulfed in noxious fumes.
The adder appears confused.
The adder bites the frilled lizard.
The frilled lizard is killed!
The adder is engulfed in noxious fumes.
The adder appears confused.
The bullfrog misses you. The ball python closely misses you.
The ball python barely misses you. The ball python closely misses you.
The ball python misses you.
Casting: Mephitic Cloud (quite dangerous; 22% risk of failure)
Confirm with . or Enter, or press ? or * to list all spells.
You blink.
Floosh!
* * * LOW MAGIC WARNING * * *
The adder is engulfed in noxious fumes.
The adder appears confused.
The adder barely misses something.
The adder is engulfed in noxious fumes.
The adder appears confused.
The adder bites the adder.
The adder is killed!
The bullfrog hits you!
* * * LOW HITPOINT WARNING * * *
Okay, then.
It was a potion of might.
You feel very mighty all of a sudden. The ball python closely misses you.
The ball python grabs you. The ball python constricts you.
* * * LOW HITPOINT WARNING * * *
The bullfrog hits you.
* * * LOW HITPOINT WARNING * * *
The ball python closely misses you.
Unknown command.
It was a potion of curing.
You feel better.
The ball python bites you but does no damage.
The bullfrog misses you. The ball python barely misses you.
The ball python constricts you. The ball python bites you.
* * * LOW HITPOINT WARNING * * *
The ball python barely misses you.
Unknown command.
It was a potion of brilliance.
You feel clever all of a sudden. The bullfrog closely misses you.
The ball python closely misses you. The ball python constricts you.
* * * LOW HITPOINT WARNING * * *
The ball python bites you.
* * * LOW HITPOINT WARNING * * *
The ball python misses you. The bullfrog closely misses you.
Casting: Blink (safe; 16% risk of failure)
Confirm with . or Enter, or press ? or * to list all spells.
You feel a surge of power!
You escape the ball python's grasp.
You blink.
Floosh!
* * * LOW MAGIC WARNING * * *
Unknown command.
Okay, then.
The bullfrog barely misses you.
There is an open door here.
The bullfrog hits you.
* * * LOW HITPOINT WARNING * * *
You hit the bullfrog. Your grab misses the bullfrog.
The bullfrog is moderately wounded.
The bullfrog hits you!
* * * LOW HITPOINT WARNING * * *
The bullfrog hits you.
You die...

≈≈≈≈≈≈≈.≈≈≈≈≈≈††...##
≈≈≈≈≈≈≈≈..≈≈≈≈≈†....#
≈≈≈≈≈≈≈.).≈≈≈≈≈†....#
≈≈≈≈≈≈≈.≈.≈≈≈≈≈≈....##
≈≈≈≈≈≈≈#≈≈≈≈≈≈≈......#
#################....#
##...## #####...#
#.@FSF..# #..#S...#
####...##
#################....#
≈≈≈≈≈≈≈≈≈≈≈≈≈F≈.F....#
≈≈≈≈≈≈≈≈≈≈≈≈≈≈≈≈....##
≈≈≈≈†≈≈≈≈≈≈≈≈≈≈≈....#
≈≈†≈≈≈≈≈#≈≈≈≈≈≈≈....#
≈≈≈≈≈≈..≈≈≈≈≈≈≈....##


You could see 2 bullfrogs and 2 ball pythons.

Vanquished Creatures
  Sigmund (D:3)
  A scorpion (D:3)
  A water moccasin skeleton (D:4)
  A bullfrog skeleton (D:4)
  An iguana (D:4)
  10 adders
  A gnoll (D:1)
  2 river rats
  A worm (D:4)
  A dart slug (D:2)
  An orc (D:3)
  14 ball pythons
  8 endoplasms
  6 giant cockroaches
  6 goblins
  4 hobgoblins
  6 jackals (D:2)
  3 quokkas
  8 bats
  7 frilled lizards
  4 kobolds
  29 rats
116 creatures vanquished.

Notes
Turn   | Place    | Note
-------+----------+-------------------------------------------
     0 | D:1      | sleeves the Octopode Hedge Wizard began the quest for the
                  | Orb.
     0 | D:1      | Reached XP level 1. HP: 11/11 MP: 4/4
   401 | D:1      | Reached skill level 2 in Conjurations
   401 | D:1      | Reached XP level 2. HP: 17/17 MP: 6/6
   882 | D:1      | Found Zuesasm's General Store.
  1233 | D:1      | Reached XP level 3. HP: 13/21 MP: 0/7
  1357 | D:2      | Learned a level 3 spell: Mephitic Cloud
  1360 | D:2      | Learned a level 2 spell: Blink
  1389 | D:2      | Reached skill level 3 in Conjurations
  1560 | D:2      | Reached skill level 3 in Stealth
  1830 | D:2      | Reached XP level 4. HP: 24/27 MP: 3/8
  2150 | D:3      | Reached skill level 4 in Stealth
  2371 | D:3      | Found a faded altar of an unknown god.
  2457 | D:3      | Noticed a scorpion
  2466 | D:3      | HP: 12/27 [scorpion (7)]
  2467 | D:3      | Killed a scorpion
  2468 | D:3      | Reached skill level 4 in Conjurations
  2468 | D:3      | Reached XP level 5. HP: 12/31 MP: 9/9
  2470 | D:3      | HP: 2/31 [kobold (4)]
  2943 | D:3      | Reached skill level 5 in Stealth
  3062 | D:3      | Noticed Sigmund
  3300 | D:3      | Killed Sigmund
  3301 | D:3      | Reached skill level 6 in Stealth
  3301 | D:3      | Reached skill level 5 in Conjurations
  3301 | D:3      | Reached XP level 6. HP: 29/36 MP: 6/10
  3384 | D:3      | Found a basalt altar of Yredelemnul.
  3384 | D:3      | Found an opulent altar of Gozag.
  3450 | D:4      | Found a staircase to the Ecumenical Temple.
  3467 | Temple   | Entered the Ecumenical Temple
  3647 | D:4      | HP: 18/36 [iguana (8)]
  3649 | D:4      | Reached skill level 7 in Stealth
  3649 | D:4      | Reached XP level 7. HP: 21/41 MP: 11/11
  3753 | D:4      | Found a glowing drain.
  3886 | Sewer    | Entered a sewer
  4268 | Sewer    | HP: 17/41 [bullfrog (6)]
  4270 | Sewer    | HP: 4/41 [bullfrog (5)]
  4279 | Sewer    | HP: 10/41 [bullfrog (2)]
  4280 | Sewer    | HP: 3/41 [bullfrog (7)]
  4280 | Sewer    | Slain by a bullfrog

Illustrated notes

Levels and vault maps discovered:
D:1:      nzn_arrival_water_spiral, layout_loops_corners, serial_shops,
          shop_fountains, hex_large, minmay_misc_feat_nine_boxes
D:2:      layout_rooms
D:3:      layout_loops_cross, gammafunk_temple_overflow_statue,
          shapermc_ecumenical_altar_ellora, kennysheep_generic_room_16,
          uniq_sigmund
D:4:      layout_basic, minmay_temple_entry_steel_oval, gup_sewer_entry_bubbles
Temple:   eino_wide_crystal_templ
Sewer:    sewer_minmay_w

Skill      XL: |  1  2  3  4  5  6 |
---------------+-------------------+-----
Conjurations   | 2 3 4 5 |  5.7
Stealth        | 3 4 6 7 |  7.4
Dodging        | |  2.0
Spellcasting   | |  3.0
Summonings     | |  1.0
Translocations | |  1.0

Action                   |  1- 3 |  4- 6 |  7- 9 || total
-------------------------+-------+-------+-------++-------
Melee: Dagger            |    41 |    56 |    73 ||   170
       Tentacles         |    11 |     7 |     5 ||    23
       Constrict         |     7 |    12 |    19 ||    38
 Cast: Magic Dart        |    35 |    29 |       ||    64
       Blink             |       |     1 |     3 ||     4
       Mephitic Cloud    |       |     1 |     2 ||     3
  Use: Potion            |       |       |     3 ||     3
 Stab: Sleeping          |     5 |     4 |     9 ||    18
       Confused          |       |     1 |       ||     1
Armor: Skin              |     3 |     5 |     4 ||    12
Dodge: Dodged            |    19 |    46 |    71 ||   136

Table legend: (Time is in decaauts)
 A = Elapsed time spent in this place.
 B = Non-inter-level travel time spent in this place.
 C = Inter-level travel time spent in this place.
 D = Time resting spent in this place.
 E = Time spent auto-exploring this place.
 F = Levels seen in this place.
 G = Mean time per level.
                   A        B        C        D        E       F      G
               +--------+--------+--------+--------+--------+-----+--------+
         Total |   4279 |   4167 |    112 |    957 |   2417 |   6 |  713.2 |
       Dungeon |   3824 |   3725 |     99 |    809 |   2254 |   4 |  956.0 |
        Temple |     60 |     47 |     13 |      0 |     35 |   1 |   60.0 |
         Sewer |    393 |    393 |      0 |    148 |    128 |   1 |  393.0 |
               +--------+--------+--------+--------+--------+-----+--------+

Top non-repeatable levels by time:
     D:3: 1387 daAuts
     D:1: 1274 daAuts
     D:2: 787 daAuts
   Sewer: 393 daAuts
     D:4: 375 daAuts
  Temple: 60 daAuts
